General information
- name: BNet
- type: Ladder team game (AT/RT)
- host: Battle.net
- saver: RoadWarrior
map: Cherryville
- players: 8
- length: 41:34
- speed: Fast
- version: 1.28 W3XP
- replay type: Public
» download(428 KB)
Players
team 1 (winner)
www.papajohn.gr (
red | 107 APM | 4463 actions | 41:33)
6 Firelord
3 Incinerate
2 Summon Lava Spawn
1 Volcano
2 Paladin
2 Devotion Aura
1 Archmage
1 Blizzard
» actions
| Assign group hotkey | 59 | |
| Basic commands | 2 | |
| Build / train | 117 | |
| Enter build submenu | 31 | |
| Enter hero's abilities submenu | 9 | |
| Remove unit from queue | 1 | |
| Right click | 2909 | |
| Select / deselect | 476 | |
| Select group hotkey | 754 | |
| Use ability | 105 | |
4463 total
» units
| Peasant | 32 | |
| Footman | 6 | |
| Goblin Shredder | 1 | |
| Flying Machine | 20 | |
| Mortar Team | 15 | |
| Siege Engine | 5 | |
79 total
» upgrades
| Gunpowder | 3 | |
| Plating | 3 | |
| Flying Machine Bombs | 1 | |
| Flak Cannons | 1 | |
| Fragmentation Shards | 1 | |
| Flare | 1 | |
| Armor | 1 | |
| Barrage | 1 | |
12 total
» buildings
| Altar of Kings | 1 | |
| Farm | 10 | |
| Barracks | 1 | |
| Lumber Mill | 1 | |
| Scout Tower | 9 | |
| Arcane Tower | 1 | |
| Guard Tower | 5 | |
| Town Hall | 4 | |
| Blacksmith | 2 | |
| Keep | 1 | |
| Arcane Vault | 1 | |
| Workshop | 5 | |
| Castle | 1 | |
42 total
» build order
00:23 Altar of Kings
00:40 Farm
00:43 Farm
00:55 Barracks
01:42 Farm
01:54 Farm
02:34 Lumber Mill
02:38 Scout Tower
03:07 Arcane Tower
03:10 Scout Tower
03:11 Scout Tower
03:12 Scout Tower
04:02 Guard Tower
04:05 Guard Tower
04:22 Town Hall
04:43 Scout Tower
04:44 Scout Tower
05:12 Guard Tower
05:29 Blacksmith
06:56 Keep
06:58 Guard Tower
08:02 Blacksmith
08:05 Arcane Vault
08:23 Scout Tower
08:23 Scout Tower
08:24 Scout Tower
08:51 Farm
09:21 Workshop
09:23 Castle
09:25 Workshop
09:28 Workshop
09:35 Workshop
10:04 Workshop
10:06 Guard Tower
10:16 Farm
10:48 Farm
10:50 Farm
11:54 Farm
11:57 Farm
13:13 Town Hall
20:53 Town Hall
24:07 Town Hall
» items
| Boots of Speed | 1 | |
| Staff of Teleportation | 1 | |
| Scroll of Town Portal | 4 | |
| Potion of Mana | 1 | |
| Potion of Healing | 1 | |
8 total
sunwarrior14 (
orange | 48 APM | 1164 actions | 24:12)
3 Archmage
2 Summon Water Elemental
1 Brilliance Aura
2 Paladin
1 Divine Shield
1 Holy Light
» actions
| Assign group hotkey | 12 | |
| Basic commands | 24 | |
| Build / train | 56 | |
| Enter build submenu | 41 | |
| Enter hero's abilities submenu | 5 | |
| Remove unit from queue | 4 | |
| Right click | 615 | |
| Select / deselect | 253 | |
| Select group hotkey | 106 | |
| Use ability | 48 | |
1164 total
» units
| Peasant | 8 | |
| Footman | 3 | |
| Rifleman | 8 | |
| Siege Engine | 13 | |
32 total
» upgrades
| Gunpowder | 2 | |
| Lumber Harvesting | 1 | |
| Barrage | 1 | |
| Armor | 1 | |
| Plating | 3 | |
8 total
» buildings
| Farm | 16 | |
| Barracks | 1 | |
| Altar of Kings | 2 | |
| Blacksmith | 1 | |
| Scout Tower | 3 | |
| Arcane Vault | 1 | |
| Arcane Tower | 1 | |
| Keep | 1 | |
| Lumber Mill | 1 | |
| Guard Tower | 1 | |
| Castle | 1 | |
| Workshop | 5 | |
34 total
» build order
00:13 Farm
00:22 Barracks
00:40 Altar of Kings
00:46 Altar of Kings
00:58 Farm
02:06 Blacksmith
02:15 Farm
02:42 Scout Tower
02:44 Scout Tower
02:46 Scout Tower
03:07 Farm
03:15 Arcane Vault
03:35 Arcane Tower
04:20 Keep
04:24 Lumber Mill
05:01 Farm
05:07 Farm
05:35 Guard Tower
05:58 Farm
07:08 Castle
07:17 Workshop
08:32 Workshop
10:40 Farm
10:53 Farm
10:58 Farm
13:40 Farm
13:41 Farm
13:42 Farm
14:30 Farm
14:37 Farm
14:41 Farm
20:23 Workshop
21:20 Workshop
21:27 Workshop
» items
RoadWarrior (
purple | 67 APM | 2771 actions | 41:33)
9 Goblin Tinker
3 Pocket Factory
3 Engineering Upgrade
1 Robo-Goblin
2 Cluster Rockets
» actions
| Assign group hotkey | 32 | |
| Basic commands | 53 | |
| Build / train | 74 | |
| Enter build submenu | 39 | |
| Enter hero's abilities submenu | 11 | |
| Give item / drop item | 6 | |
| Remove unit from queue | 6 | |
| Right click | 1813 | |
| Select / deselect | 373 | |
| Select group hotkey | 188 | |
| Use ability | 176 | |
2771 total
» units
| Wisp | 32 | |
| Archer | 7 | |
| Goblin Shredder | 1 | |
40 total
» upgrades
| Strength of the Moon | 1 | |
| Ultravision | 1 | |
| Well Spring | 1 | |
| Nature's Blessing | 1 | |
4 total
» buildings
| Moon Well | 9 | |
| Altar of Elders | 1 | |
| Ancient of War | 3 | |
| Tree of Ages | 1 | |
| Tree of Life | 2 | |
| Hunter's Hall | 1 | |
| Tree of Eternity | 1 | |
| Ancient Protector | 13 | |
| Scout Tower | 9 | |
| Guard Tower | 5 | |
45 total
» build order
00:08 Moon Well
00:41 Altar of Elders
01:04 Ancient of War
01:27 Moon Well
02:08 Moon Well
03:34 Tree of Ages
05:12 Tree of Life
05:16 Hunter's Hall
05:56 Moon Well
05:57 Moon Well
06:32 Tree of Eternity
07:48 Ancient Protector
07:50 Ancient Protector
07:51 Ancient Protector
10:30 Moon Well
10:32 Moon Well
10:34 Moon Well
11:53 Ancient Protector
12:00 Ancient Protector
12:01 Ancient Protector
12:03 Ancient Protector
14:33 Ancient Protector
14:33 Ancient Protector
14:34 Ancient Protector
14:34 Ancient Protector
16:31 Ancient Protector
16:34 Ancient Protector
18:31 Ancient of War
18:32 Ancient of War
28:44 Scout Tower
28:45 Scout Tower
28:45 Scout Tower
28:45 Scout Tower
28:46 Scout Tower
28:49 Scout Tower
28:49 Scout Tower
28:50 Scout Tower
28:50 Scout Tower
29:08 Moon Well
29:14 Guard Tower
29:17 Guard Tower
29:17 Guard Tower
29:17 Guard Tower
30:52 Guard Tower
41:03 Tree of Life
» items
| Scroll of Town Portal | 2 | |
| Orb of Fire | 1 | |
| Periapt of Vitality | 1 | |
| Scroll of Protection | 1 | |
| Staff of Teleportation | 1 | |
| Potion of Healing | 1 | |
7 total
Komunista (
blue | 52 APM | 2146 actions | 41:33)
10 Archmage
3 Summon Water Elemental
3 Brilliance Aura
1 Mass Teleport
3 Blizzard
» actions
| Assign group hotkey | 42 | |
| Build / train | 93 | |
| Enter build submenu | 17 | |
| Enter hero's abilities submenu | 11 | |
| Right click | 720 | |
| Select / deselect | 346 | |
| Select group hotkey | 809 | |
| Use ability | 108 | |
2146 total
» units
| Peasant | 17 | |
| Footman | 7 | |
| Priest | 10 | |
| Siege Engine | 6 | |
| Knight | 15 | |
55 total
» upgrades
| Magic Sentry | 2 | |
| Priest Training | 3 | |
| Masonry | 2 | |
| Lumber Harvesting | 2 | |
| Animal War Training | 1 | |
| Long Rifles | 1 | |
| Barrage | 1 | |
| Plating | 3 | |
| Gunpowder | 1 | |
| Swords | 3 | |
19 total
» buildings
| Altar of Kings | 1 | |
| Farm | 10 | |
| Barracks | 2 | |
| Scout Tower | 2 | |
| Keep | 1 | |
| Lumber Mill | 1 | |
| Arcane Tower | 1 | |
| Blacksmith | 1 | |
| Castle | 1 | |
| Arcane Sanctum | 1 | |
| Workshop | 2 | |
| Arcane Vault | 1 | |
| Town Hall | 1 | |
25 total
» build order
00:23 Altar of Kings
00:39 Farm
00:55 Barracks
01:12 Farm
02:25 Scout Tower
02:27 Scout Tower
02:50 Farm
02:56 Farm
02:58 Farm
03:01 Keep
03:31 Lumber Mill
03:35 Arcane Tower
05:12 Blacksmith
05:33 Castle
05:39 Arcane Sanctum
07:06 Workshop
07:46 Arcane Vault
09:44 Farm
10:16 Farm
10:17 Farm
10:20 Farm
10:20 Farm
10:35 Workshop
10:42 Barracks
41:05 Town Hall
» items
| Scroll of Town Portal | 2 | |
| Potion of Healing | 2 | |
| Scroll of Regeneration | 1 | |
5 total
team 2 (loser)
drieskoo (
green | 140 APM | 5812 actions | 41:33)
10 Blood Mage
3 Flame Strike
3 Siphon Mana
3 Banish
1 Summon Phoenix
» actions
| Assign group hotkey | 4211 | |
| Basic commands | 7 | |
| Build / train | 109 | |
| Enter build submenu | 34 | |
| Enter hero's abilities submenu | 10 | |
| Give item / drop item | 5 | |
| Remove unit from queue | 4 | |
| Right click | 681 | |
| Select / deselect | 357 | |
| Select group hotkey | 264 | |
| Use ability | 130 | |
5812 total
» units
| Peasant | 19 | |
| Rifleman | 12 | |
| Mortar Team | 6 | |
| Priest | 6 | |
| Sorceress | 4 | |
| Flying Machine | 9 | |
56 total
» upgrades
| Gunpowder | 2 | |
| Priest Training | 2 | |
| Flare | 1 | |
| Lumber Harvesting | 2 | |
| Fragmentation Shards | 1 | |
| Sorceress Training | 2 | |
| Long Rifles | 1 | |
| Flak Cannons | 1 | |
| Flying Machine Bombs | 1 | |
13 total
» buildings
| Farm | 10 | |
| Blacksmith | 2 | |
| Barracks | 2 | |
| Altar of Kings | 2 | |
| Arcane Vault | 1 | |
| Lumber Mill | 1 | |
| Town Hall | 3 | |
| Scout Tower | 7 | |
| Arcane Tower | 1 | |
| Keep | 1 | |
| Guard Tower | 2 | |
| Castle | 1 | |
| Arcane Sanctum | 2 | |
| Workshop | 2 | |
37 total
» build order
00:17 Farm
00:54 Blacksmith
01:10 Barracks
01:22 Altar of Kings
01:38 Farm
02:18 Farm
02:41 Arcane Vault
03:33 Farm
03:39 Lumber Mill
05:04 Town Hall
05:12 Scout Tower
05:28 Farm
05:40 Arcane Tower
06:27 Keep
06:33 Scout Tower
07:47 Farm
07:57 Guard Tower
08:01 Scout Tower
08:50 Castle
08:56 Arcane Sanctum
08:59 Workshop
10:45 Workshop
10:52 Arcane Sanctum
12:49 Farm
14:23 Scout Tower
14:25 Scout Tower
14:29 Scout Tower
14:34 Scout Tower
16:13 Guard Tower
16:19 Farm
18:51 Altar of Kings
18:53 Barracks
20:42 Town Hall
20:45 Farm
20:47 Farm
22:59 Blacksmith
29:34 Town Hall
» items
| Scroll of Regeneration | 5 | |
| Lesser Clarity Potion | 5 | |
| Potion of Healing | 2 | |
| Potion of Mana | 4 | |
| Scroll of Town Portal | 3 | |
| Potion of Lesser Invulnerability | 1 | |
20 total

»
PhileasFoc (
pink | 52 APM | 2162 actions | 41:33)
8 Demon Hunter
3 Mana Burn
3 Evasion
1 Metamorphosis
1 Immolation
» actions
| Assign group hotkey | 12 | |
| Build / train | 60 | |
| Enter build submenu | 23 | |
| Enter hero's abilities submenu | 8 | |
| Give item / drop item | 1 | |
| Remove unit from queue | 1 | |
| Right click | 1533 | |
| Select / deselect | 384 | |
| Select group hotkey | 47 | |
| Use ability | 93 | |
2162 total
» units
| Wisp | 21 | |
| Huntress | 7 | |
| Chimaera | 6 | |
| Archer | 5 | |
| Hippogryph | 2 | |
41 total
» upgrades
| Upgrade Moon Glaive | 1 | |
| Corrosive Breath | 1 | |
| Strength of the Wild | 1 | |
3 total
» buildings
| Altar of Elders | 1 | |
| Moon Well | 5 | |
| Hunter's Hall | 1 | |
| Ancient of War | 1 | |
| Tree of Ages | 1 | |
| Ancient of Wonders | 1 | |
| Tree of Eternity | 1 | |
| Ancient of Wind | 1 | |
| Chimaera Roost | 2 | |
| Tree of Life | 4 | |
18 total
» build order
00:17 Altar of Elders
00:19 Moon Well
01:35 Hunter's Hall
01:46 Ancient of War
02:04 Moon Well
03:01 Tree of Ages
03:17 Ancient of Wonders
04:12 Moon Well
05:27 Tree of Eternity
06:13 Moon Well
07:21 Ancient of Wind
08:31 Chimaera Roost
08:33 Chimaera Roost
09:09 Tree of Life
10:07 Moon Well
19:37 Tree of Life
37:07 Tree of Life
37:25 Tree of Life
» items
| Moonstone | 2 | |
| Orb of Venom | 1 | |
| Staff of Teleportation | 1 | |
4 total

»
soybomb2 (
teal | 37 APM | 1143 actions | 31:02)
4 Keeper of the Grove
2 Entangling Roots
2 Thorns Aura
» actions
| Assign group hotkey | 370 | |
| Basic commands | 1 | |
| Build / train | 63 | |
| Enter build submenu | 16 | |
| Enter hero's abilities submenu | 4 | |
| Remove unit from queue | 4 | |
| Right click | 251 | |
| Select / deselect | 329 | |
| Select group hotkey | 42 | |
| Use ability | 63 | |
1143 total
» units
| Wisp | 16 | |
| Archer | 12 | |
| Dryad | 9 | |
| Mountain Giant | 1 | |
38 total
» upgrades
| Strength of the Wild | 2 | |
| Improved Bows | 1 | |
| Strength of the Moon | 1 | |
| Moon Armor | 1 | |
| Abolish Magic | 1 | |
| Reinforced Hides | 2 | |
| Hardened Skin | 1 | |
9 total
» buildings
| Altar of Elders | 1 | |
| Moon Well | 6 | |
| Ancient of War | 1 | |
| Ancient of Wonders | 1 | |
| Tree of Ages | 1 | |
| Hunter's Hall | 1 | |
| Ancient Protector | 3 | |
| Ancient of Lore | 2 | |
| Tree of Eternity | 1 | |
17 total
» build order
00:41 Altar of Elders
00:44 Moon Well
01:11 Ancient of War
01:25 Moon Well
02:03 Ancient of Wonders
02:29 Moon Well
03:25 Moon Well
03:33 Tree of Ages
05:25 Hunter's Hall
07:16 Ancient Protector
07:34 Ancient Protector
07:57 Ancient of Lore
08:00 Ancient of Lore
08:08 Tree of Eternity
09:30 Moon Well
10:15 Tree of Eternity
11:25 Moon Well
19:30 Ancient Protector
» items
MJAY__77 (
yellow | 93 APM | 3866 actions | 41:33)
7 Archmage
3 Summon Water Elemental
3 Brilliance Aura
1 Mass Teleport
4 Mountain King
2 Storm Bolt
2 Bash
» actions
| Assign group hotkey | 760 | |
| Basic commands | 2 | |
| Build / train | 123 | |
| Enter build submenu | 50 | |
| Enter hero's abilities submenu | 11 | |
| Right click | 1734 | |
| Select / deselect | 478 | |
| Select group hotkey | 530 | |
| Use ability | 178 | |
3866 total
» units
» upgrades
| Gunpowder | 3 | |
| Armor | 3 | |
| Long Rifles | 1 | |
7 total
» buildings
| Barracks | 5 | |
| Farm | 27 | |
| Blacksmith | 2 | |
| Altar of Kings | 2 | |
| Scout Tower | 27 | |
| Lumber Mill | 1 | |
| Arcane Tower | 6 | |
| Arcane Vault | 3 | |
| Guard Tower | 13 | |
| Keep | 1 | |
| Town Hall | 7 | |
| Castle | 1 | |
95 total
» build order
00:14 Barracks
00:17 Farm
00:44 Farm
00:55 Blacksmith
01:41 Altar of Kings
01:55 Scout Tower
02:00 Scout Tower
02:21 Lumber Mill
02:26 Arcane Tower
03:01 Farm
03:08 Arcane Tower
03:19 Scout Tower
03:47 Farm
03:49 Farm
04:15 Arcane Vault
04:53 Guard Tower
05:49 Keep
06:21 Farm
06:22 Farm
06:23 Farm
06:26 Farm
07:31 Farm
07:32 Farm
07:37 Barracks
08:01 Scout Tower
08:06 Scout Tower
08:12 Scout Tower
08:34 Guard Tower
08:56 Guard Tower
09:56 Town Hall
11:49 Arcane Tower
13:02 Castle
13:05 Arcane Vault
14:08 Scout Tower
14:09 Scout Tower
14:10 Scout Tower
14:27 Arcane Tower
14:29 Guard Tower
14:37 Guard Tower
14:54 Scout Tower
14:56 Scout Tower
14:58 Scout Tower
14:59 Scout Tower
15:01 Scout Tower
15:08 Arcane Tower
16:14 Scout Tower
16:14 Scout Tower
16:17 Scout Tower
16:18 Scout Tower
16:23 Guard Tower
16:26 Guard Tower
16:44 Guard Tower
16:47 Guard Tower
17:17 Guard Tower
18:03 Guard Tower
19:50 Guard Tower
19:53 Scout Tower
19:55 Scout Tower
19:56 Scout Tower
19:57 Scout Tower
19:58 Scout Tower
20:23 Arcane Tower
21:59 Farm
21:59 Farm
22:00 Farm
23:04 Guard Tower
25:11 Farm
25:12 Farm
25:13 Farm
25:14 Farm
25:14 Farm
28:14 Town Hall
29:11 Barracks
30:52 Blacksmith
31:15 Town Hall
31:21 Farm
31:23 Farm
31:23 Farm
31:33 Farm
31:35 Farm
31:35 Farm
33:01 Scout Tower
33:32 Town Hall
34:39 Scout Tower
34:41 Scout Tower
34:42 Scout Tower
34:48 Town Hall
35:14 Barracks
37:19 Arcane Vault
38:09 Barracks
38:21 Farm
38:23 Farm
39:06 Town Hall
40:28 Altar of Kings
40:44 Town Hall
» items
| Scroll of Regeneration | 4 | |
| Potion of Healing | 2 | |
| Ivory Tower | 2 | |
| Scroll of Town Portal | 2 | |
10 total
Chat log
(00:16 / Allies) RoadWarrior: warrior of the sun, I am the warrior of the road
(00:37 / All) www.papajohn.gr: you are a kid only
(00:59 / Allies) RoadWarrior: It's friendly banter, you are a man-child
(01:17 / Allies) www.papajohn.gr: kou kou tsa
(01:21 / Allies) sunwarrior14: me tanks
(01:42 / Allies) RoadWarrior: *talks shit in foreign language*
(02:16 / Allies) sunwarrior14: what
(05:08 / Allies) RoadWarrior: got hit with 3 lightning shields by this creep
(05:41 / Allies) www.papajohn.gr: 100 woodplz
(09:46 / Allies) Komunista: ty
(13:58 / Allies) Komunista: ty
(14:30 / Allies) Komunista: ty
(15:07 / Allies) sunwarrior14: we meet and go?
(16:07 / Allies) RoadWarrior: b
(17:40 / Allies) Komunista: redy to tp ?
(17:46 / Allies) www.papajohn.gr: i keep nusy 2 elfs
(20:19 / Allies) www.papajohn.gr: gold plz
(20:41 / Allies) RoadWarrior: who nened gold
(20:45 / Allies) www.papajohn.gr: mer
(21:10 / Allies) sunwarrior14: who need i have 2 k
(23:07 / Allies) www.papajohn.gr: 2 tanks
(23:55 / Allies) Komunista: ty
(24:44 / Allies) RoadWarrior: he wasted his tanks
(25:02 / All) RoadWarrior: cmon blue
(25:20 / All) RoadWarrior: dsfjdsafjkds
(25:25 / All) RoadWarrior: fuck it
(26:04 / Allies) RoadWarrior: move
(26:05 / Allies) RoadWarrior: am
(26:11 / Allies) RoadWarrior: that leave o
(27:05 / All) soybomb2: how the fuk is the goblin driving around in that truck
(27:08 / All) soybomb2: what is that shyt
(29:19 / Allies) www.papajohn.gr: hey
(29:31 / Allies) Komunista: gold?
(29:43 / Allies) Komunista: ty
(29:51 / All) soybomb2: wtf is that truck
(29:54 / All) soybomb2: purple
(30:09 / All) RoadWarrior: the goblo vroom 9000
(30:16 / All) soybomb2: why doesnt he ever come out of it
(30:18 / All) soybomb2: thats bullshyt
(34:00 / All) RoadWarrior: CANT CATCH ME IM THE GINGERBREAD MAN
(34:05 / All) PhileasFoc: xD
(35:11 / All) RoadWarrior: rockets are so shit
(35:38 / All) RoadWarrior: got it but he always stop chasing lawl
(36:38 / Allies) RoadWarrior: keep scouting expos
(38:30 / Allies) RoadWarrior: surround with knights
(39:02 / Allies) RoadWarrior: surround
(39:14 / Allies) RoadWarrior: sigh
(39:46 / Allies) RoadWarrior: blue can give control and next time I'll surround for you
(40:27 / All) www.papajohn.gr: leave ashole
(41:31 / All) MJAY__77: gg